[ AOE2 MATCH · #506549043 ]
UnrankedHindustanis vs Tupi
Player's team · WIN
Rival team · LOSS
[ REPLAY ANALYSIS · EXTRACTED FROM THE RECORDED GAME ]
Feudal
10:06
Castle
14:43
Imperial
—
| APM avg | 92.0 |
| APM peak | 133 |
| eAPM avg | 46.4 |
| Villagers / military | 80 / 159 |
Focus
⚔️ 57.6% · 🌾 42.4%
Ghulam ×136 · Armored Elephant ×9 · Monk ×8 · Mangonel ×4 · Scorpion ×2 · Unknown (1105) ×2
Feudal
10:31
Castle
16:02
Imperial
—
| APM avg | 64.3 |
| APM peak | 94 |
| eAPM avg | 27.1 |
| Villagers / military | 141 / 11 |
Focus
⚔️ 39.9% · 🌾 60.1%
Unknown (2579) ×75 · Unknown (2582) ×36 · Unknown (2550) ×32 · Mangonel ×5 · Battering Ram ×4 · Monk ×2
Match map
Initial resources + every placement click. Lines = walls · curves = elevation contours. ◆ gold · ⬟ stone · ● berries · ✦ relic · ◌ wall gap
Your base· Open — 9t gap
Hoanginator's base· Open — unwalled flank
Smoothed initial terrain · ◌ = detected wall gap · hover for details
Inputs per minute
— iamkaito - - Hoanginator
Build order — iamkaito
First 150 of 340 actions detected
| 0:00 | Queue | Villager (Male) |
| 0:01 | Queue | Villager (Male) |
| 0:02 | Build | House |
| 0:03 | Build | House |
| 0:41 | Queue | Villager (Male) |
| 0:42 | Queue | Villager (Male) |
| 1:00 | Queue | Villager (Male) |
| 1:36 | Queue | Villager (Male) |
| 2:14 | Queue | Villager (Male) |
| 2:39 | Queue | Villager (Male) |
| 3:03 | Queue | Villager (Male) |
| 3:31 | Queue | Villager (Male) |
| 3:33 | Build | Lumber Camp |
| 3:33 | Queue | Villager (Male) |
| 3:47 | Queue | Villager (Male) |
| 3:47 | Queue | Villager (Male) |
| 3:53 | Build | House |
| 3:54 | Build | House |
| 4:03 | Queue | Villager (Male) |
| 4:53 | Queue | Villager (Male) |
| 5:13 | Queue | Villager (Male) |
| 5:20 | Queue | Villager (Male) |
| 5:27 | Build | Mill |
| 5:48 | Queue | Villager (Male) |
| 6:32 | Queue | Villager (Male) |
| 6:39 | Queue | Villager (Male) |
| 6:46 | Build | Mining Camp |
| 7:43 | Research | Loom |
| 7:53 | Research | Feudal Age |
| 8:05 | Build | Palisade Wall |
| 8:19 | Research | Loom |
| 8:24 | Build | Palisade Wall |
| 9:45 | Build | Palisade Wall |
| 9:49 | Build | House |
| 9:53 | Build | Palisade Wall |
| 9:57 | Build | Palisade Wall |
| 10:06 | Age | Feudal Age |
| 10:07 | Queue | Villager (Male) |
| 10:20 | Build | Market |
| 10:39 | Build | Palisade Wall |
| 10:40 | Build | Palisade Wall |
| 10:40 | Build | Palisade Wall |
| 10:41 | Build | Palisade Wall |
| 10:41 | Build | Palisade Wall |
| 10:44 | Queue | Villager (Male) |
| 11:14 | Build | Blacksmith |
| 11:23 | Build | Palisade Wall |
| 11:25 | Queue | Villager (Male) |
| 12:03 | Research | Castle Age |
| 12:04 | Research | Castle Age |
| 12:09 | Build | Palisade Wall |
| 12:30 | Build | Palisade Wall |
| 12:39 | Build | Palisade Wall |
| 13:31 | Build | House |
| 13:45 | Queue | Villager (Male) |
| 13:54 | Build | Farm |
| 14:00 | Build | Farm |
| 14:21 | Queue | Villager (Male) |
| 14:43 | Age | Castle Age |
| 14:48 | Build | Castle |
| 14:53 | Queue | Villager (Male) |
| 15:03 | Queue | Villager (Male) |
| 15:10 | Build | Palisade Wall |
| 15:11 | Queue | Villager (Male) |
| 15:15 | Queue | Villager (Male) |
| 15:19 | Build | Palisade Wall |
| 15:19 | Build | Palisade Wall |
| 15:22 | Research | Double-Bit Axe |
| 15:36 | Research | Scale Mail Armor |
| 15:36 | Research | Scale Mail Armor |
| 15:40 | Queue | Villager (Male) |
| 15:46 | Build | Mining Camp |
| 16:03 | Queue | Ghulam |
| 16:33 | Queue | Ghulam |
| 16:34 | Queue | Ghulam |
| 16:35 | Queue | Villager (Male) |
| 16:35 | Queue | Villager (Male) |
| 16:37 | Queue | Villager (Male) |
| 16:47 | Queue | Ghulam |
| 16:47 | Queue | Ghulam |
| 17:02 | Queue | Ghulam |
| 17:09 | Queue | Ghulam |
| 17:22 | Queue | Ghulam |
| 17:28 | Queue | Villager (Male) |
| 17:31 | Build | Farm |
| 17:36 | Build | Farm |
| 17:56 | Queue | Ghulam |
| 17:56 | Queue | Ghulam |
| 17:57 | Queue | Ghulam |
| 18:04 | Build | Siege Workshop |
| 18:24 | Queue | Ghulam |
| 18:24 | Queue | Ghulam |
| 18:36 | Build | House |
| 18:46 | Queue | Ghulam |
| 19:07 | Build | House |
| 19:14 | Queue | Ghulam |
| 19:14 | Queue | Ghulam |
| 19:18 | Queue | Scorpion |
| 19:20 | Build | House |
| 19:29 | Queue | Ghulam |
| 19:29 | Queue | Ghulam |
| 19:51 | Queue | Scorpion |
| 20:02 | Build | House |
| 20:05 | Queue | Ghulam |
| 20:05 | Queue | Ghulam |
| 20:18 | Build | Monastery |
| 20:24 | Queue | Ghulam |
| 20:24 | Queue | Ghulam |
| 20:39 | Queue | Ghulam |
| 20:40 | Queue | Ghulam |
| 21:07 | Queue | Monk |
| 21:26 | Build | Mining Camp |
| 21:27 | Queue | Ghulam |
| 21:27 | Queue | Ghulam |
| 21:33 | Queue | Ghulam |
| 21:33 | Queue | Ghulam |
| 21:42 | Queue | Ghulam |
| 21:46 | Build | Castle |
| 22:03 | Queue | Monk |
| 22:32 | Queue | Ghulam |
| 22:32 | Queue | Ghulam |
| 22:34 | Queue | Villager (Male) |
| 22:42 | Queue | Ghulam |
| 22:42 | Queue | Ghulam |
| 23:11 | Queue | Mangonel |
| 23:11 | Queue | Mangonel |
| 23:13 | Queue | Villager (Male) |
| 23:13 | Queue | Villager (Male) |
| 23:43 | Queue | Ghulam |
| 23:51 | Queue | Monk |
| 24:04 | Queue | Mangonel |
| 24:29 | Queue | Ghulam |
| 24:39 | Queue | Monk |
| 24:39 | Queue | Monk |
| 24:46 | Build | Farm |
| 24:46 | Build | Farm |
| 24:59 | Build | Outpost |
| 25:06 | Queue | Ghulam |
| 25:21 | Queue | Monk |
| 25:33 | Build | Outpost |
| 25:37 | Build | Farm |
| 25:39 | Queue | Ghulam |
| 25:41 | Queue | Ghulam |
| 25:59 | Queue | Ghulam |
| 26:00 | Queue | Ghulam |
| 26:00 | Queue | Ghulam |
| 26:00 | Queue | Ghulam |
| 26:07 | Queue | Ghulam |
| 26:33 | Queue | Ghulam |
| 26:33 | Queue | Ghulam |
Build order — Hoanginator
First 150 of 358 actions detected
| 0:01 | Queue | Villager (Male) |
| 0:02 | Build | House |
| 0:03 | Build | House |
| 0:06 | Queue | Villager (Male) |
| 0:07 | Queue | Villager (Male) |
| 0:07 | Queue | Villager (Male) |
| 0:07 | Queue | Villager (Male) |
| 0:07 | Queue | Villager (Male) |
| 1:05 | Queue | Villager (Male) |
| 1:05 | Queue | Villager (Male) |
| 1:06 | Queue | Villager (Male) |
| 1:27 | Queue | Villager (Male) |
| 1:27 | Queue | Villager (Male) |
| 1:27 | Queue | Villager (Male) |
| 2:04 | Queue | Villager (Male) |
| 2:04 | Queue | Villager (Male) |
| 2:04 | Queue | Villager (Male) |
| 2:18 | Queue | Villager (Male) |
| 2:18 | Queue | Villager (Male) |
| 2:18 | Queue | Villager (Male) |
| 2:35 | Build | Settlement |
| 3:07 | Queue | Villager (Male) |
| 3:07 | Queue | Villager (Male) |
| 3:19 | Queue | Villager (Male) |
| 3:19 | Queue | Villager (Male) |
| 3:19 | Queue | Villager (Male) |
| 3:35 | Queue | Villager (Male) |
| 3:36 | Queue | Villager (Male) |
| 3:36 | Queue | Villager (Male) |
| 4:05 | Build | Outpost |
| 4:15 | Queue | Villager (Male) |
| 4:15 | Queue | Villager (Male) |
| 4:16 | Queue | Villager (Male) |
| 4:22 | Queue | Villager (Male) |
| 4:22 | Queue | Villager (Male) |
| 4:22 | Queue | Villager (Male) |
| 4:43 | Queue | Villager (Male) |
| 5:16 | Queue | Villager (Male) |
| 5:18 | Build | House |
| 5:24 | Queue | Villager (Male) |
| 5:24 | Queue | Villager (Male) |
| 5:56 | Queue | Villager (Male) |
| 5:56 | Queue | Villager (Male) |
| 5:56 | Queue | Villager (Male) |
| 5:56 | Queue | Villager (Male) |
| 6:10 | Queue | Villager (Male) |
| 6:10 | Queue | Villager (Male) |
| 6:10 | Queue | Villager (Male) |
| 6:12 | Build | Barracks |
| 6:16 | Build | House |
| 7:17 | Queue | Unit 2550 |
| 7:17 | Queue | Unit 2550 |
| 7:44 | Build | Settlement |
| 8:05 | Research | Feudal Age |
| 8:28 | Build | Farm |
| 8:34 | Queue | Unit 2550 |
| 8:49 | Queue | Unit 2550 |
| 9:15 | Build | Farm |
| 9:20 | Queue | Unit 2550 |
| 10:06 | Build | Farm |
| 10:07 | Queue | Villager (Male) |
| 10:10 | Build | Farm |
| 10:31 | Age | Feudal Age |
| 10:35 | Research | Tech 1402 |
| 10:39 | Queue | Villager (Male) |
| 10:45 | Build | Farm |
| 11:11 | Queue | Villager (Male) |
| 11:16 | Build | Market |
| 11:26 | Queue | Villager (Male) |
| 11:55 | Research | Loom |
| 12:13 | Queue | Villager (Male) |
| 12:14 | Build | Blacksmith |
| 12:26 | Build | House |
| 13:13 | Build | Farm |
| 13:15 | Build | Farm |
| 13:22 | Research | Castle Age |
| 13:23 | Research | Castle Age |
| 13:23 | Research | Castle Age |
| 13:26 | Build | Farm |
| 14:05 | Build | Settlement |
| 14:15 | Research | Double-Bit Axe |
| 14:17 | Queue | Unit 2550 |
| 14:17 | Queue | Unit 2550 |
| 14:25 | Queue | Unit 2550 |
| 14:26 | Queue | Unit 2550 |
| 14:26 | Queue | Unit 2550 |
| 14:41 | Build | Farm |
| 14:44 | Queue | Unit 2550 |
| 14:54 | Research | Horse Collar |
| 14:54 | Research | Horse Collar |
| 15:12 | Queue | Unit 2550 |
| 15:29 | Queue | Unit 2550 |
| 15:58 | Build | House |
| 16:02 | Age | Castle Age |
| 16:06 | Queue | Villager (Male) |
| 16:09 | Research | Tech 1351 |
| 16:11 | Research | Squires |
| 16:24 | Build | House |
| 16:30 | Queue | Villager (Male) |
| 16:34 | Build | House |
| 16:37 | Queue | Villager (Male) |
| 16:37 | Queue | Villager (Male) |
| 16:38 | Queue | Villager (Male) |
| 16:57 | Build | House |
| 16:58 | Queue | Villager (Male) |
| 17:12 | Build | House |
| 17:18 | Build | Palisade Wall |
| 17:19 | Build | Palisade Wall |
| 17:23 | Queue | Unit 2582 |
| 17:23 | Queue | Unit 2582 |
| 17:26 | Build | Palisade Gate |
| 17:28 | Build | Farm |
| 17:31 | Build | Farm |
| 17:34 | Build | Palisade Wall |
| 17:37 | Queue | Villager (Male) |
| 17:37 | Queue | Villager (Male) |
| 17:47 | Build | House |
| 17:49 | Build | House |
| 17:55 | Queue | Unit 2550 |
| 17:57 | Build | Palisade Wall |
| 18:02 | Build | House |
| 18:04 | Build | Palisade Wall |
| 18:20 | Queue | Villager (Male) |
| 18:20 | Queue | Villager (Male) |
| 18:23 | Build | Farm |
| 18:38 | Queue | Villager (Male) |
| 18:38 | Queue | Villager (Male) |
| 18:38 | Queue | Villager (Male) |
| 18:39 | Build | Farm |
| 18:40 | Build | Farm |
| 18:50 | Build | Settlement |
| 18:58 | Build | Palisade Wall |
| 18:59 | Queue | Villager (Male) |
| 19:00 | Queue | Villager (Male) |
| 19:00 | Queue | Villager (Male) |
| 19:05 | Queue | Villager (Male) |
| 19:05 | Queue | Villager (Male) |
| 19:29 | Queue | Villager (Male) |
| 19:33 | Queue | Villager (Male) |
| 19:33 | Queue | Villager (Male) |
| 19:34 | Queue | Villager (Male) |
| 19:39 | Queue | Unit 2582 |
| 19:39 | Queue | Unit 2582 |
| 19:40 | Queue | Villager (Male) |
| 19:42 | Build | Farm |
| 19:52 | Queue | Villager (Male) |
| 19:55 | Queue | Unit 2582 |
| 19:57 | Queue | Villager (Male) |
| 20:02 | Build | Barracks |
| 20:22 | Queue | Villager (Male) |
Match timeline
| 6:12 | Hoanginator · first_building Barracks |
| 8:05 | iamkaito · wall_segment Palisade Wall x6 |
| 8:24 | iamkaito · wall_segment Palisade Wall x1 |
| 9:45 | iamkaito · wall_segment Palisade Wall x4 |
| 9:53 | iamkaito · wall_segment Palisade Wall x1 |
| 9:57 | iamkaito · wall_segment Palisade Wall x1 |
| 10:06 | iamkaito · age_up feudal |
| 10:31 | Hoanginator · age_up feudal |
| 10:39 | iamkaito · wall_segment Palisade Wall x1 |
| 10:40 | iamkaito · wall_segment Palisade Wall x1 |
| 10:40 | iamkaito · wall_segment Palisade Wall x1 |
| 10:41 | iamkaito · wall_segment Palisade Wall x1 |
| 10:41 | iamkaito · wall_segment Palisade Wall x1 |
| 11:23 | iamkaito · wall_segment Palisade Wall x1 |
| 11:49 | iamkaito · first_market_sell 100 stone |
| 12:09 | iamkaito · wall_segment Palisade Wall x2 |
| 12:30 | iamkaito · wall_segment Palisade Wall x1 |
| 12:33 | Hoanginator · first_market_buy 500 food |
| 12:34 | Hoanginator · first_market_sell 500 stone |
| 12:39 | iamkaito · wall_segment Palisade Wall x11 |
| 14:43 | iamkaito · age_up castle |
| 14:48 | iamkaito · first_building Castle |
| 15:10 | iamkaito · wall_segment Palisade Wall x3 |
| 15:19 | iamkaito · wall_segment Palisade Wall x1 |
| 15:19 | iamkaito · wall_segment Palisade Wall x1 |
| 16:02 | Hoanginator · age_up castle |
| 17:18 | Hoanginator · wall_segment Palisade Wall x2 |
| 17:19 | Hoanginator · wall_segment Palisade Wall x5 |
| 17:34 | Hoanginator · wall_segment Palisade Wall x4 |
| 17:57 | Hoanginator · wall_segment Palisade Wall x1 |
| 18:04 | Hoanginator · wall_segment Palisade Wall x1 |
| 18:04 | iamkaito · first_building Siege Workshop |
| 18:58 | Hoanginator · wall_segment Palisade Wall x9 |
| 20:18 | iamkaito · first_building Monastery |
| 20:31 | iamkaito · first_market_buy 100 food |
| 20:59 | Hoanginator · wall_segment Stone Wall x1 |
| 21:30 | Hoanginator · first_building Siege Workshop |
| 21:54 | Hoanginator · wall_segment Stone Wall x1 |
| 23:04 | Hoanginator · first_building Monastery |
| 24:57 | Hoanginator · wall_segment Palisade Wall x1 |
| 27:38 | Hoanginator · first_building Castle |
| 35:48 | iamkaito · first_building Barracks |
| 42:38 | Hoanginator · resign |
[ AI ANALYSIS · 1 CREDIT ]
What really happened in this match?
Wolo.gg analyzes every decision: build order, eco, micro, common mistakes by bracket. Personalized analysis on WhatsApp or Discord in 30 seconds.
Civ guide
Hindustanis
Perfil
iamkaito